 Seeded DCSS version 0.29.1-15-g9cfb28693d (webtiles) character file.

Game seed: 9529714651559989746 (custom seed)

97 Psyclone the Conjurer (level 4, -8/24 HPs)
             Began as a Deep Elf Conjurer on Sept 21, 2023.
             Killed from afar by Natasha (13 damage)
             ... with a bolt of dispelling energy
             ... on level 2 of the Dungeon.
             The game lasted 00:08:28 (2035 turns).

Psyclone the Conjurer (Deep Elf Conjurer)           Turns: 2035, Time: 00:08:28

Health: -8/24      AC:  2    Str:  4    XL:     4   Next: 42%
Magic:  9/11       EV: 16    Int: 25    God:
Gold:   115        SH:  0    Dex: 13    Spells: 5/10 levels left

rFire   . . .      SeeInvis .   (no weapon)
rCold   . . .      Faith    .   (no shield)
rNeg    . . .      Spirit   .   a - +0 robe
rPois   +          Reflect  .   (no helmet)
rElec   .          Harm     .   (no cloak)
rCorr   .          Rampage  .   (no gloves)
Will    .....                   (no boots)
Stlth   ++........              (no amulet)
HPRegen 0.08/turn               f - ring of poison resistance
MPRegen 0.12/turn               l - +4 ring of evasion

@: no status effects
A: no striking features
a: no special abilities


You were on level 2 of the Dungeon.
You visited 1 branch of the dungeon, and saw 2 of its levels.

You collected 115 gold pieces.

Inventory:

Armour
 a - a +0 robe (worn)
Jewellery
 f - a ring of poison resistance (left hand)
 l - a +4 ring of evasion (right hand)
Scrolls
 c - 2 scrolls of identify {unknown}
 g - 2 scrolls of poison {unknown}
 h - a scroll of fear {unknown}
 i - 4 scrolls of acquirement {unknown}
 j - a scroll of noise {unknown}
 q - a scroll of immolation {unknown}
Potions
 b - a potion of magic
 d - 2 potions of degeneration {unknown}
 e - a potion of invisibility {unknown}
 k - a potion of flight {unknown}
 m - a potion of lignification {unknown}
 n - a potion of attraction {unknown}
 o - 2 potions of curing {unknown}
 p - a potion of might {unknown}


   Skills:
 - Level 2.4 Dodging
 - Level 2.4 Stealth
 + Level 3.6 Spellcasting
 - Level 6.0 Conjurations
 + Level 1.5 Poison Magic


You had 5 spell levels left.
You knew the following spells:

 Your Spells              Type           Power      Damage    Failure   Level
a - Magic Dart            Conj           100%       1d8       1%          1
b - Searing Ray           Conj           68%        2d6       1%          2
v - Poisonous Vapours     Pois/Air       16%        N/A       11%         2

Your spell library contained the following spells:

 Spells                   Type           Power      Damage    Failure   Level
 Shock                    Conj/Air       76%        1d7       2%          1
 Sting                    Tmut/Pois      32%        1d4       7%          1
 Dazzling Flash           Conj/Hex       38%        N/A       9%          3
 Swiftness                Air            4%         N/A       28%         3
 Fulminant Prism          Conj/Hex       9%         3d7       28%         4
 Iskenderun's Mystic Bla  Conj/Tloc      19%        2d6       28%         4
 Olgreb's Toxic Radiance  Pois           12%        N/A       45%         4
 Airstrike                Air            2%         2d(1-17)  67%         4


Dungeon Overview and Level Annotations

Branches:
Dungeon (2/15) Zot: 9965

Altars:

Shops:
D:1 *

Annotations:
D:2 Natasha, Sigmund


Message History

(Press . to maintain the ray.)
You now have 9/11 mp.
The searing ray hits the adder.
You kill the adder!
Training target 6.0 for Conjurations reached!
Your Conjurations skill increases to level 6!
You now have 8/11 mp.
Found a book of Conjurations.
MP restored: 11
q - a scroll labelled WEUTIUC OMIM You see here a book of Conjurations.
There is a stone staircase leading up here.
Partly explored, can't reach some places.
(D) Dungeon
Where to? (Enter - D:2 @ (x,y), ? - help) Natasha, Servant of Life and Death comes into view.
She is carrying a wand of quicksilver (5).
Natasha mumbles some strange words.
Natasha glows brightly for a moment.
Casting: Searing Ray (safe; 1% risk of failure)
Confirm with . or Enter, or press ? or * to list all spells.
Aiming: Magic Dart (safe; 1% risk of failure)
Press: ? - help, Shift-Dir - straight line, f - Natasha
Aim: Natasha, carrying a wand of quicksilver (5) (100% to hit)
The magic dart hits Natasha.
Natasha is lightly wounded.
Natasha zaps a wand.
The bolt of dispelling energy hits you!!
Ouch! That really hurt!
* * * LOW HITPOINT WARNING * * *
You take 19 damage, and have 5/24 hp.
MASSIVE DAMAGE!!
You now have 10/11 mp.
Casting: Magic Dart (safe; 1% risk of failure)
Confirm with . or Enter, or press ? or * to list all spells.
Aiming: Magic Dart (safe; 1% risk of failure)
Press: ? - help, Shift-Dir - straight line, f/p - Natasha
Aim: Natasha, carrying a wand of quicksilver (4) (lightly wounded, 100% to hit)
The magic dart hits Natasha but does no damage.
Natasha is lightly wounded.
Natasha zaps a wand.
The bolt of dispelling energy hits you!
Ouch! That really hurt!
You die...

#.# #####.#####....>..###
..######### #.#####.#######
..#.......# ##.#.....#
..#.......# ###....##### #..
..........# #....### #..#
.##.......####.##.########...@
.##............#..##.........
.####......####......#####.##
.# #..).....#..@#####.....# ##
#..<.........####..#####
#...###.....###...###########
#...>........................
####.......############.##...
###### #.).h#..# ###8...
.....###.......##### ##...
.....#......##.....### #...
.......#......####...# ##...


You could see Natasha.

Vanquished Creatures
  Natasha (D:2)
  2 adders (D:2)
  A worm (D:2)
  2 dart slugs (D:1)
  6 bats (D:1)
  2 endoplasms
  A giant cockroach (D:1)
  2 goblins (D:1)
  5 hobgoblins (D:1)
  4 jackals (D:1)
  4 kobolds
  3 quokkas
  4 ball pythons (D:1)
  A frilled lizard (D:1)
  8 rats
46 creatures vanquished.

Notes
Turn   | Place    | Note
-------+----------+-------------------------------------------
     0 | D:1      | Psyclone the Deep Elf Conjurer began the quest for the Orb.
     0 | D:1      | Reached XP level 1. HP: 10/10 MP: 6/6
   272 | D:1      | Reached XP level 2. HP: 15/15 MP: 5/8
   294 | D:1      | Reached skill level 5 in Conjurations
   683 | D:1      | Found Balubi's Assorted Antiques.
   717 | D:1      | Reached XP level 3. HP: 19/19 MP: 0/9
   806 | D:1      | Learned a level 2 spell: Searing Ray
  1038 | D:1      | Learned a level 2 spell: Poisonous Vapours
  1302 | D:2      | Noticed Sigmund
  1601 | D:2      | Reached skill level 1 in Poison Magic
  1763 | D:2      | Found a faded altar of an unknown god.
  1776 | D:2      | Noticed Natasha
  1784 | D:2      | Killed Natasha
  1785 | D:2      | Reached XP level 4. HP: 18/24 MP: 3/11
  1874 | D:2      | Reached skill level 6 in Conjurations
  2033 | D:2      | Noticed Natasha
  2035 | D:2      | Killed from afar by Natasha

Illustrated notes

Levels and vault maps discovered:
D:1:      minmay_arrival_four_circles, layout_basic, serial_shops,
          nicolae_shop_trees, nicolae_eternal_life, st_stairs_1,
          minmay_small_reverse_x
D:2:      layout_rooms, hellmonk_ecumenical_altar_zigzags, serial_corexii_hall,
          chequers_hall_statues_y, corexii_hall_statues_l, uniq_natasha,
          uniq_sigmund

Skill      XL: |  1  2  3  4 |
---------------+-------------+-----
Conjurations   | 5 6 |  6.0
Poison Magic   | 1 |  1.5
Dodging        | |  2.4
Stealth        | |  2.4
Spellcasting   | |  3.6

Action                   |  1- 3 |  4- 6 || total
-------------------------+-------+-------++-------
 Cast: Magic Dart        |    83 |     2 ||    85
       Searing Ray       |     2 |     1 ||     3
Armor: Robe              |     2 |       ||     2
Dodge: Dodged            |     9 |       ||     9
